 Dungeon Crawl Stone Soup version 0.29.1-13-g9f3cf754e1 (webtiles) character file.

Game seed: 6406849145010640864

3928 DildoBatman the Digger (level 10, -2/74 HPs)
             Began as a Formicid Conjurer on Jan 29, 2023.
             Was a Priest of Kikubaaqudgha.
             Slain by a death yak (19 damage)
             ... on level 7 of the Dungeon.
             The game lasted 00:25:19 (7722 turns).

DildoBatman the Digger (Formicid Conjurer)          Turns: 7722, Time: 00:25:20

Health: -2/74      AC:  6    Str: 11    XL:     10   Next: 44%
Magic:  10/20      EV: 16    Int: 23    God:    Kikubaaqudgha [***...]
Gold:   405        SH:  0    Dex: 12    Spells: 12/23 levels left

rFire   . . .      SeeInvis +   b - +3 short sword (venom)
rCold   . . .      Faith    .   (no shield)
rNeg    + . .      Spirit   .   o - +0 robe
rPois   .          Reflect  .   (helmet unavailable)
rElec   .          Harm     .   h - +0 cloak
rCorr   .          Rampage  .   x - +0 pair of gloves
Will    +....                   B - +0 pair of boots
Stlth   ++........              (no amulet)
HPRegen 0.22/turn               F - +4 ring of evasion
MPRegen 0.17/turn               I - ring of positive energy

@: no status effects
A: permanent stasis, dig shafts and tunnels, antennae 3, four strong arms,
mutation resistance 1, MP-powered wands
a: Dig, Shaft Self, Renounce Religion, Unearth Wretches


You were on level 7 of the Dungeon.
You worshipped Kikubaaqudgha.
Kikubaaqudgha was most pleased with you.
You visited 1 branch of the dungeon, and saw 8 of its levels.

You collected 405 gold pieces.

Inventory:

Hand Weapons
 a - a +0 shortbow
 b - a +3 short sword of venom (weapon)
 d - a +2 short sword of protection
Missiles
 e - 20 poisoned darts
 m - 5 atropa-tipped darts
 J - a curare-tipped dart
Armour
 h - a +0 cloak (worn)
 o - a +0 robe (worn)
 x - a +0 pair of gloves (worn)
 B - a +0 pair of boots (worn)
Magical Staves
 t - a staff of fire
Jewellery
 F - a +4 ring of evasion (left hand)
 I - a ring of positive energy (right hand)
Wands
 G - a wand of charming (3)
Scrolls
 c - a scroll of summoning {unknown}
 i - 3 scrolls of magic mapping {unknown}
 p - 3 scrolls of immolation
 r - 2 scrolls of vulnerability {unknown}
 u - a scroll of noise {unknown}
 w - 2 scrolls of enchant weapon {unknown}
 y - 2 scrolls of fear {unknown}
 z - a scroll of identify
 D - a scroll of fog {unknown}
 E - 2 scrolls of enchant armour {unknown}
Potions
 f - a potion of ambrosia {unknown}
 g - a potion of flight {unknown}
 j - 3 potions of brilliance {unknown}
 k - 2 potions of haste {unknown}
 l - 4 potions of curing
 n - 2 potions of attraction {unknown}
 q - a potion of mutation
 s - a potion of resistance {unknown}
 v - 2 potions of heal wounds {unknown}
 A - 2 potions of magic
 C - 2 potions of invisibility {unknown}
 H - 3 potions of cancellation {unknown}
 L - a potion of lignification {unknown}
 M - 3 potions of degeneration {unknown}


   Skills:
 - Level 5.0 Fighting
 - Level 6.0 Armour
 - Level 3.0 Dodging
 - Level 2.4 Stealth
 - Level 7.0 Spellcasting
 - Level 6.0 Conjurations
 * Level 6.0 Necromancy
 * Level 7.2 Earth Magic


You had 12 spell levels left.
You knew the following spells:

 Your Spells              Type           Power      Damage    Failure   Level
a - Borgnjor's Vile Clut  Necr/Erth      19%        N/A       14%         5
c - Searing Ray           Conj           70%        2d7       1%          2
d - Vampiric Draining     Necr           35%        2d8       1%          3
f - Magic Dart            Conj           100%       1d8       1%          1

Your spell library contained the following spells:

 Spells                   Type           Power      Damage    Failure   Level
 Necrotise                Necr           100%       1d9       1%          1
 Shock                    Conj/Air       84%        1d8       2%          1
 Animate Dead             Necr           35%        N/A       6%          4
 Dazzling Flash           Conj/Hex       42%        N/A       7%          3
 Beastly Appendage        Tmut           16%        N/A       8%          1
 Sting                    Tmut/Pois      32%        1d4       8%          1
 Poisonous Vapours        Pois/Air       16%        N/A       12%         2
 Wereblood                Tmut           8%         N/A       12%         2
 Agony                    Necr           35%        N/A       19%         5
 Spider Form              Tmut/Pois      8%         N/A       22%         3
 Anguish                  Hex/Necr       11%        N/A       22%         4
 Fulminant Prism          Conj/Hex       10%        3d9       22%         4
 Iskenderun's Mystic Bla  Conj/Tloc      21%        2d6       22%         4
 Corpse Rot               Necr/Pois/Air  17%        N/A       32%         4
 Airstrike                Air            4%         2d(1-17)  58%         4
 Olgreb's Toxic Radiance  Pois           8%         N/A       58%         4
 Death Channel            Necr           17%        N/A       69%         6
 Silence                  Hex/Air        4%         N/A       91%         5
 Simulacrum               Ice/Necr       11%        N/A       98%         6
 Swiftness                Air            Unusable   N/A       N/A         3

Dungeon Overview and Level Annotations

Branches:
Dungeon (8/15)             Temple (0/1) D:5            Lair (0/5) D:8

Altars:
Fedhas
Hepliaklqana
Kikubaaqudgha
Makhleb
Nemelex Xobeh
Okawaru
Qazlal
Ru
Sif Muna
Vehumet
Yredelemnul
Zin
The Shining One

Shops:
D:5 (*

Annotations:
D:3 exclusions: angel and profane servitor


Innate Abilities, Weirdness & Mutations

You cannot be hasted, slowed, berserked, paralysed or teleported.
You can dig through walls and to a lower floor.
You have a pair of large antennae on your head. (SInv)
Your four strong arms can wield two-handed weapons with a shield.
You are somewhat resistant to further mutation.
You expend magic power (3 MP) to strengthen your wands.


Message History

The arrow hits the death yak but does no damage.
The death yak is lightly wounded.
The zombie hands constrict the death yak!
The death yak struggles to escape constriction.
The death yak escapes!
Your +3 short sword of venom begins to drip with poison!
b - a +3 short sword of venom (weapon)
You see here a +0 sling.
There is a stone staircase leading up here.
Casting: Borgnjor's Vile Clutch (dangerous; 14% risk of failure)
Confirm with . or Enter, or press ? or * to list all spells.
Aiming: Borgnjor's Vile Clutch (dangerous; 14% risk of failure)
Press: ? - help, Shift-Dir - straight line, f/p - death yak
Aim: a death yak (lightly wounded, 100% to hit)
Zombie hands grab the death yak.
The zombie hands constrict the death yak.
The death yak gores you but does no damage.
You hit the death yak but do no damage.
The death yak is lightly wounded.
The zombie hands constrict the death yak!
The death yak gores you!!
You hit the death yak.
The death yak is moderately wounded.
The zombie hands constrict the death yak.
The death yak gores you!!
The death yak gores you but does no damage.
The zombie hands release their grip on the death yak.
The death yak gores you!!
You climb upwards.
There is a stone staircase leading down here.
Casting: Borgnjor's Vile Clutch (dangerous; 14% risk of failure)
Confirm with . or Enter, or press ? or * to list all spells.
Aiming: Borgnjor's Vile Clutch (dangerous; 14% risk of failure)
Press: ? - help, Shift-Dir - straight line, f - death yak
Aim: a death yak (moderately wounded, 100% to hit)
Zombie hands grab the death yak.
The zombie hands constrict the death yak.
The death yak gores you!!
You die...
Kikubaaqudgha rasps: "You have failed me!
Welcome... death!"

#.....)...................# #
#......####...........###### #
##......)...................#####
........#.##................#....
##.....(#..#######..........#.###
........##..## #..........#.###
........###..######.#########....
.##.....# ##....#...#############
.#......# ####Y@................
...#..### ##################.
..##..# #............. _.....#
#.#######.#.#. ..##..#
#.#.......#.#. ...#..#
#.#.#######.#. .#....#
#.#.........#. .##...#
#.###########. ......# #.# #.


You could see a death yak (clutched).

Vanquished Creatures
  A death yak (D:8)
  Prince Ribbit (D:5)
  Sigmund (D:5)
  A steam dragon (D:8)
  Menkaure (D:5)
  A water moccasin (D:7)
  An orc warrior (D:7)
  4 ice beasts
  2 black bears
  A centaur (D:8)
  2 ogres
  2 phantoms
  A kobold brigand (D:4)
  2 bullfrogs (D:8)
  3 scorpions
  3 wights (D:8)
  A killer bee (D:4)
  3 howler monkeys
  3 hounds (D:4)
  7 orc priests
  A gnoll bouda (D:4)
  Ijyb (D:5)
  3 iguanas (D:6)
  4 orc wizards
  14 gnolls (D:4)
  5 adders
  A river rat (D:8)
  A white imp (D:6)
  2 ufetubi
  2 dart slugs
  42 orcs
  3 bats (D:1)
  3 endoplasms
  2 giant cockroaches
  4 goblins
  9 hobgoblins
  31 jackals
  4 quokkas
  4 ball pythons
  10 frilled lizards
  6 kobolds
  15 rats
208 creatures vanquished.

Vanquished Creatures (others)
  18 plants
  9 withered plants (D:3)
27 creatures vanquished.

Grand Total: 235 creatures vanquished

Notes
Turn   | Place    | Note
-------+----------+-------------------------------------------
     0 | D:1      | DildoBatman the Formicid Conjurer began the quest for the
                  | Orb.
     0 | D:1      | Reached XP level 1. HP: 13/13 MP: 3/3
    83 | D:1      | You fall into a shaft and drop 1 floor!
   160 | D:2      | Reached XP level 2. HP: 20/20 MP: 1/5
   163 | D:2      | Learned a level 2 spell: Searing Ray
   434 | D:1      | Reached skill level 1 in Fighting
   466 | D:1      | Reached skill level 1 in Armour
   466 | D:1      | Reached XP level 3. HP: 26/26 MP: 3/6
  1384 | D:2      | Reached XP level 4. HP: 29/32 MP: 5/8
  1772 | D:3      | Found an ancient bone altar of Kikubaaqudgha.
  1776 | D:3      | Became a worshipper of Kikubaaqudgha
  1913 | D:3      | Found a faded altar of an unknown god.
  2048 | D:3      | Found a basalt altar of Yredelemnul.
  2051 | D:3      | Found a glowing golden altar of the Shining One.
  2053 | D:3      | Noticed an angel
  2063 | D:3      | Noticed a profane servitor
  2152 | D:3      | Found a radiant altar of Vehumet.
  2159 | D:3      | Found a glowing silver altar of Zin.
  2367 | D:3      | Found a burning altar of Makhleb.
  2484 | D:4      | Reached XP level 5. HP: 38/38 MP: 3/9
  2543 | D:4      | Reached * piety under Kikubaaqudgha
  2543 | D:4      | Received a gift from Kikubaaqudgha
  2639 | D:4      | Learned a level 3 spell: Vampiric Draining
  2748 | D:4      | Reached XP level 6. HP: 33/46 MP: 5/11
  3072 | D:4      | Noticed an ogre
  3077 | D:4      | Killed an ogre
  3470 | D:5      | Entered Level 5 of the Dungeon
  3502 | D:5      | Reached XP level 7. HP: 42/52 MP: 8/13
  3505 | D:5      | Noticed Menkaure
  3514 | D:5      | Killed Menkaure
  3515 | D:5      | Reached skill level 5 in Conjurations
  3707 | D:5      | Noticed Prince Ribbit
  3714 | D:5      | Killed Prince Ribbit
  3715 | D:5      | Reached skill level 5 in Spellcasting
  3715 | D:5      | Reached XP level 8. HP: 52/58 MP: 6/16
  3746 | D:5      | Found Hegouwno's Overcharged Wands.
  3803 | D:5      | Noticed Sigmund
  3830 | D:5      | Killed Sigmund
  3877 | D:5      | Found a hazy altar of Hepliaklqana.
  3878 | D:5      | Found a faded altar of an unknown god.
  4112 | D:5      | Noticed Ijyb
  4123 | D:5      | Killed Ijyb
  4174 | D:5      | Found Lezor's Antique Weapon Shoppe.
  4221 | D:5      | Found a staircase to the Ecumenical Temple.
  4321 | D:5      | Found a shimmering blue altar of Sif Muna.
  4617 | D:4      | Reached XP level 9. HP: 29/65 MP: 11/19
  4702 | D:4      | Reached ** piety under Kikubaaqudgha
  5135 | D:4      | Reached skill level 5 in Fighting
  5135 | D:4      | Reached skill level 5 in Armour
  5296 | D:5      | Gained mutation: You have large cloven feet. [potion of
                  | mutation]
  5296 | D:5      | Gained mutation: You are dopey. (Int -2) [potion of
                  | mutation]
  5296 | D:5      | Gained mutation: Your spells are a little easier to cast,
                  | but a little less powerful. [potion of mutation]
  5296 | D:5      | Gained mutation: Your muscles are strong. (Str +4, Int/Dex
                  | -1) [potion of mutation]
  5297 | D:5      | Lost mutation: You are dopey. (Int -2) [potion of mutation]
  5297 | D:5      | Lost mutation: You have large cloven feet. [potion of
                  | mutation]
  5297 | D:5      | Gained mutation: You expend magic power (3 MP) to
                  | strengthen your wands. [potion of mutation]
  5298 | D:5      | Lost mutation: Your muscles are strong. (Str +4, Int/Dex
                  | -1) [potion of mutation]
  5298 | D:5      | Lost mutation: Your spells are a little easier to cast, but
                  | a little less powerful. [potion of mutation]
  5298 | D:5      | Lost mutation: You expend magic power (3 MP) to strengthen
                  | your wands. [potion of mutation]
  5298 | D:5      | Gained mutation: You occasionally lose the ability to drink
                  | potions when taking damage. [potion of mutation]
  5298 | D:5      | Gained mutation: Your mind is acute. (Int +4, Str/Dex -1)
                  | [potion of mutation]
  5299 | D:5      | Lost mutation: Your mind is acute. (Int +4, Str/Dex -1)
                  | [potion of mutation]
  5299 | D:5      | Lost mutation: You occasionally lose the ability to drink
                  | potions when taking damage. [potion of mutation]
  5299 | D:5      | Gained mutation: You are somewhat resistant to further
                  | mutation. [potion of mutation]
  5299 | D:5      | Gained mutation: You expend magic power (3 MP) to
                  | strengthen your wands. [potion of mutation]
  5334 | D:6      | Reached *** piety under Kikubaaqudgha
  5334 | D:6      | Received a gift from Kikubaaqudgha
  5351 | D:6      | Learned a level 5 spell: Borgnjor's Vile Clutch
  5422 | D:6      | Reached skill level 1 in Necromancy
  5422 | D:6      | Reached skill level 1 in Earth Magic
  5546 | D:6      | Found a blossoming altar of Fedhas.
  6092 | D:7      | Found a sacrificial altar of Ru.
  6261 | D:7      | Found a sparkling altar of Nemelex Xobeh.
  6261 | D:7      | Found an iron altar of Okawaru.
  6327 | D:7      | Found a stormy altar of Qazlal.
  6421 | D:7      | Reached XP level 10. HP: 74/74 MP: 11/20
  6722 | D:8      | Reached skill level 5 in Earth Magic
  6808 | D:8      | Noticed a death yak
  6809 | D:8      | Noticed a death yak
  6809 | D:8      | Noticed a two-headed ogre
  7181 | D:8      | Reached skill level 5 in Necromancy
  7287 | D:8      | Found a staircase to the Lair.
  7386 | D:8      | Killed a death yak
  7617 | D:8      | Noticed a death yak
  7722 | D:7      | Slain by a death yak

Illustrated notes

Levels and vault maps discovered:
D:1:      wander_arrival_chamber, layout_basic
D:2:      layout_loops_ring, minmay_misc_feat_encased, minmay_pentomino_pile
D:3:      layout_loops_ring, grunt_temple_overflow_holy_war,
          amethyst_overflow_temple_binary, lightli_temple_of_fire,
          mainiacjoe_overflow_six_doors_small,
          shapermc_ecumenical_altar_flowoftime
D:4:      lemuel_castle_with_subvaults [lemuel_castle_interior_original],
          layout_basic
D:5:      layout_gridville, kennysheep_orc_sif_temple,
          beargit_hepliaklqana_dungeon_heroes, minmay_temple_entry_fiery,
          serial_shops, shop, st_stairs_11, nicolae_shop_overcharged_wands,
          uniq_ijyb, uniq_prince_ribbit1, uniq_menkaure
D:6:      layout_rooms, kennysheep_mini_moat, minmay_lizard_king
D:7:      layout_basic, nicolae_qazlal_general_emergency,
          mainiacjoe_overflow_large_starburst,
          mainiacjoe_overflow_small_starburst, chequers_arboretum
D:8:      cheibrodos_steamvent, layout_basic, dpeg_lair_monsters

Skill      XL: |  1  2  3  4  5  6  7  8  9 10 |
---------------+-------------------------------+-----
Dodging        | 2 3 |  3.0
Fighting       | 1 2 3 5 |  5.0
Armour         | 1 2 3 6 |  6.0
Conjurations   | 4 5 6 |  6.0
Spellcasting   | 3 4 5 7 |  7.0
Necromancy     | 4 6 |  6.0
Earth Magic    | 4 7 |  7.2
Stealth        | |  2.4

Action                   |  1- 3 |  4- 6 |  7- 9 | 10-12 || total
-------------------------+-------+-------+-------+-------++-------
Melee: Rapier            |    12 |       |       |       ||    12
       Short sword       |    22 |    66 |   139 |    22 ||   249
       Punch             |       |     2 |     2 |       ||     4
 Fire: Shortbow          |       |       |       |    18 ||    18
 Cast: Magic Dart        |    21 |    13 |    36 |       ||    70
       Searing Ray       |     7 |    12 |    48 |     4 ||    71
       Borgnjor's Vile C |       |       |       |    10 ||    10
       Vampiric Draining |       |       |       |     2 ||     2
  Use: Scroll            |       |       |     5 |       ||     5
       Potion            |       |       |     4 |       ||     4
 Stab: Sleeping          |     4 |     2 |     2 |       ||     8
Armor: Robe              |     5 |    13 |    41 |    11 ||    70
Dodge: Dodged            |    29 |    49 |   125 |    29 ||   232
